 Dungeon Crawl Stone Soup version 0.27.0-1-g7a089689b8 (webtiles) character file.

Game seed: 2587019009000707796

938 night the Ruffian (level 7, -3/66 HPs)
             Began as a Troll Fighter on Aug 2, 2021.
             Slain by an unseen horror (9 damage)
             ... on level 5 of the Dungeon.
             The game lasted 00:05:34 (2352 turns).

night the Ruffian (Troll Fighter)                   Turns: 2352, Time: 00:05:35

Health: -3/66      AC:  4    Str: 26 (27) XL:     7   Next: 87%
Magic:  6/6        EV:  8    Int:  1 (4)  God:
Gold:   219        SH:  9    Dex:  7 (9)  Spells: 6/6 levels left

rFire    . . .     SeeInvis .     - Unarmed
rCold    . . .     Faith    .   b - +0 kite shield
rNeg     . . .     Spirit   .   a - +0 robe
rPois    .         Reflect  .   (helmet restricted)
rElec    .         Harm     .   (no cloak)
rCorr    .         Rampage  .   (gloves unavailable)
Will     .....                  (boots unavailable)
Stlth    +.........             (no amulet)
HPRegen  1.21/turn              (no ring)
MPRegen  0.10/turn              (no ring)

@: hasted, very quick
A: large, unfitting armour, claws 3, regeneration 1, shaggy fur 1, tough skin 1
a: no special abilities


You were on level 5 of the Dungeon.
You visited 1 branch of the dungeon, and saw 5 of its levels.

You collected 219 gold pieces.

Inventory:

Missiles
 d - 7 javelins
 e - 16 arrows
 g - 128 stones
 i - 24 poisoned darts (quivered)
 p - 44 sling bullets
Armour
 a - a +0 robe (worn)
 b - a +0 kite shield (worn)
Jewellery
 l - an amulet of faith
 u - an amulet of the acrobat
Wands
 v - a wand of flame (18)
Scrolls
 f - 6 scrolls of identify
 s - a scroll of magic mapping {unknown}
 t - a scroll of noise {unknown}
Potions
 c - a potion of might
 n - a potion of mutation
 r - a potion of invisibility {unknown}


   Skills:
 - Level 2.4 Fighting
 - Level 2.4 Dodging
 + Level 4.9 Shields
 * Level 7.6 Unarmed Combat


You had 6 spell levels left.
You didn't know any spells.
Your spell library contained the following spells:

 Spells                   Type           Power      Damage    Failure   Level
 Sublimation of Blood     Necr           0%         N/A       94%         2
 Wereblood                Tmut           0%         N/A       94%         2
 Call Canine Familiar     Summ           0%         N/A       99%         3
 Portal Projectile        Hex/Tloc       0%         N/A       99%         3
 Leda's Liquefaction      Hex/Erth       0%         N/A       100%        4
 Summon Hydra             Summ           0%         N/A       100%        7


Dungeon Overview and Level Annotations

Branches:
Dungeon (5/15)
 Temple: D:4-7

Altars:
Kikubaaqudgha
Qazlal
Sif Muna
Zin
The Shining One


Innate Abilities, Weirdness & Mutations

You are too large for most types of armour.
You have claws for hands.
Your natural rate of healing is unusually fast.
You are covered in fur. (AC +1)
You have tough skin. (AC +1)


Message History

Something hits you! Something hits you. Something hits you.
Something hits you. x2
Something hits you! Something hits you. Something hits you.
* * * LOW HITPOINT WARNING * * *
It was a potion of curing.
You feel better. Something hits you.
It was a potion of haste.
You feel yourself speed up. Something hits you.
Okay, then.
Something hits you but does no damage. Something hits you.
* * * LOW HITPOINT WARNING * * *
Something hits you!
* * * LOW HITPOINT WARNING * * *
Something hits you!
* * * LOW HITPOINT WARNING * * *
You feel better. Something hits you.
* * * LOW HITPOINT WARNING * * *
As you read the scroll labelled RYVEAD MICLEFA, it crumbles to dust.
It is a scroll of identify.
n - a potion of mutation Something hits you but does no damage.
It was a potion of degeneration.
There was something very wrong with that liquid.
You feel weakened.
You feel dopey.
You feel clumsy. Something hits you.
* * * LOW HITPOINT WARNING * * *
As you read the scroll labelled CAUPINYRUM, it crumbles to dust.
The scroll dissolves into smoke.
It was a scroll of fog.
Something hits you.
* * * LOW HITPOINT WARNING * * *
As you read the scroll labelled HEJYAREHEO, it crumbles to dust.
It is a scroll of amnesia.
You feel forgetful for a moment. Something hits you but does no damage.
As you read the scroll labelled JUCZOA QUNTA, it crumbles to dust.
Your body is wracked with pain!
* * * LOW HITPOINT WARNING * * *
It was a scroll of torment.
Something hits you!
You die...

...................###.........
.........#....##...# ##........
..)................####.....:.#
..##).>......#.##..............
...#)##.....####...#.#.........
.....).........§§§§###.........
.....####.....§§{§§............
.#...>.##.....§§{§§..........##
..............§§@§#.#..#.....)#
.........##..§§§§###...#......#
........##....§....##...##....#
............#............###.##
............#...#..##.....# .#
................#...#..#.## #
.......................#
.....................###
...............##....###


There were no monsters in sight!

Vanquished Creatures
  A sky beast (D:5)
  3 necrophages
  An ogre (D:5)
  Blork the orc (D:4)
  A scorpion (D:4)
  2 bullfrog zombies (D:5)
  A bullfrog skeleton (D:4)
  An orc priest (D:5)
  2 iguanas (D:5)
  Terence (D:3)
  A scorpion zombie (D:5)
  An orc wizard (D:5)
  A hound skeleton (D:5)
  A howler monkey skeleton (D:4)
  2 adders (D:4)
  A white imp (D:3)
  An ufetubus (D:5)
  3 dart slugs
  17 orcs
  6 bats
  4 endoplasms
  A giant cockroach (D:1)
  5 goblins
  6 hobgoblins
  7 jackals
  A quokka (D:4)
  7 ball pythons
  2 goblin zombies (D:3)
  3 hobgoblin zombies (D:3)
  4 kobolds
  A kobold skeleton (D:3)
  A kobold zombie (D:3)
  An orc skeleton (D:3)
91 creatures vanquished.

Notes
Turn   | Place    | Note
-------+----------+-------------------------------------------
     0 | D:1      | night the Troll Fighter began the quest for the Orb.
     0 | D:1      | Reached XP level 1. HP: 22/22 MP: 0/0
   163 | D:1      | Reached XP level 2. HP: 29/29 MP: 1/1
   473 | D:2      | Reached skill level 3 in Unarmed Combat
   596 | D:2      | Found a faded altar of an unknown god.
   607 | D:2      | You fall into a shaft and drop 1 floor!
   649 | D:3      | Reached XP level 3. HP: 36/36 MP: 2/2
   653 | D:3      | Noticed Terence
   662 | D:3      | Killed Terence
   847 | D:3      | Reached XP level 4. HP: 36/44 MP: 3/3
  1012 | D:3      | Found a glowing silver altar of Zin.
  1083 | D:3      | Found a glowing golden altar of the Shining One.
  1094 | D:3      | Reached skill level 4 in Unarmed Combat
  1248 | D:4      | Noticed a necrophage
  1259 | D:4      | Killed a necrophage
  1260 | D:4      | Reached XP level 5. HP: 50/50 MP: 4/4
  1266 | D:4      | Found an ancient bone altar of Kikubaaqudgha.
  1297 | D:4      | Reached skill level 5 in Unarmed Combat
  1556 | D:4      | Found a stormy altar of Qazlal.
  1596 | D:4      | Reached XP level 6. HP: 28/59 MP: 5/5
  1696 | D:4      | Noticed Blork the orc
  1719 | D:4      | Killed Blork the orc
  1737 | D:4      | Found a shimmering blue altar of Sif Muna.
  1797 | D:5      | Entered Level 5 of the Dungeon
  1876 | D:5      | Reached skill level 6 in Unarmed Combat
  1923 | D:5      | Reached XP level 7. HP: 41/66 MP: 6/6
  2079 | D:5      | Reached skill level 7 in Unarmed Combat
  2344 | D:5      | HP: 4/66 [something (9)]
  2352 | D:5      | HP: 6/66 [/a scroll of torment (4)]
  2352 | D:5      | Slain by an unseen horror

Illustrated notes

Levels and vault maps discovered:
D:1:      amcnicky_arrival_choice, layout_rooms
D:2:      layout_loops_cross, shapermc_ecumenical_altar_notcrosses,
          skrybe_limestone_x
D:3:      layout_basic, nicolae_overflow_crystal_walls,
          nicolae_tso_besieged_by_evil, uniq_terence
D:4:      old_forge, layout_layer_cave, tgw_sif, kiku_gazebo_pond_becter,
          nicolae_qazlal_eye_of_the_storm, hangedman_abyss_or_decor_lesser_grid
D:5:      layout_cave_pools, gammafunk_temple_overflow_pools, corner_web_ring

Skill      XL: |  1  2  3  4  5  6  7 |
---------------+----------------------+-----
Unarmed Combat | 3 4 5 6 7 |  7.6
Shields        | 3 4 |  4.9
Fighting       | |  2.4
Dodging        | |  2.4

Action                   |  1- 3 |  4- 6 |  7- 9 || total
-------------------------+-------+-------+-------++-------
Melee: Unarmed           |    64 |   132 |    58 ||   254
Throw: Dart              |       |    12 |       ||    12
  Use: Scroll            |       |       |     4 ||     4
       Potion            |       |       |     4 ||     4
 Stab: Sleeping          |     1 |     2 |       ||     3
       Distracted        |     1 |       |       ||     1
Armor: Robe              |    13 |    32 |    18 ||    63
Dodge: Dodged            |    14 |    42 |    20 ||    76
Block: Kite shield       |    17 |    59 |    33 ||   109
